 Dungeon Crawl Stone Soup version 0.29.1-15-g9cfb28693d (webtiles) character file.

Game seed: 14615651604351331526

314 Jonathan7162 the Grave Robber (level 6, 0/15 (32) HPs)
             Began as a Deep Elf Necromancer on May 26, 2023.
             Slain by a necrophage (1 damage)
             ... on level 4 of the Dungeon.
             The game lasted 00:24:09 (3047 turns).

Jonathan7162 the Grave Robber (DENe)                Turns: 3047, Time: 00:24:10

HP:   0/15 (32)     AC:  4    Str:  5    XL:     6   Next: 19%
MP:   16/17         EV: 12    Int: 22    God:
Gold: 210           SH:  0    Dex: 15    Spells: 6/17 levels left

rFire   x . .      SeeInvis .   (no weapon)
rCold   + . .      Faith    .   (no shield)
rNeg    . . .      Spirit   .   a - +0 robe
rPois   .          Reflect  .   (no helmet)
rElec   .          Harm     .   d - +1 cloak
rCorr   .          Rampage  .   (no gloves)
Will    .....                   (no boots)
Stlth   ++........              n - amulet of regeneration
HPRegen 0.85/turn               m - ring of ice
MPRegen 0.15/turn               (no ring)

@: extremely drained
A: no striking features
a: no special abilities


You were on level 4 of the Dungeon.
You visited 1 branch of the dungeon, and saw 5 of its levels.

You collected 210 gold pieces.

Inventory:

Armour
 a - a +0 robe (worn)
 d - a +1 cloak (worn)
Jewellery
 m - a ring of ice (left hand)
 n - an amulet of regeneration (around neck)
 o - an amulet of the acrobat
Scrolls
 c - 4 scrolls of identify {unknown}
 e - a scroll of blinking {unknown}
 f - 2 scrolls of teleportation {unknown}
 g - a scroll of butterflies {unknown}
 j - 2 scrolls of vulnerability {unknown}
 l - a scroll of magic mapping {unknown}
Potions
 b - 2 potions of magic
 h - a potion of attraction {unknown}
 i - a potion of invisibility {unknown}
 k - 3 potions of flight {unknown}
 p - a potion of mutation {unknown}


   Skills:
 - Level 2.5 Dodging
 - Level 2.5 Stealth
 * Level 6.2 Spellcasting
 * Level 7.3 Necromancy
 + Level 0.4 Air Magic


You had 6 spell levels left.
You knew the following spells:

 Your Spells              Type           Power      Damage    Failure   Level
a - Necrotise             Necr           100%       1d9       1%          1
b - Vampiric Draining     Necr           39%        2d8       1%          3
c - Animate Dead          Necr           39%        N/A       4%          4
d - Mephitic Cloud        Conj/Pois/Air  7%         N/A       26%         3

Your spell library contained the following spells:

 Spells                   Type           Power      Damage    Failure   Level
 Agony                    Necr           39%        N/A       12%         5
 Ignite Poison            Fire/Tmut/Pois 6%         N/A       26%         3
 Freezing Cloud           Conj/Ice/Air   5%         6-21      93%         5


Dungeon Overview and Level Annotations

Branches:
Dungeon (5/15)
 Temple: D:4-7

Altars:
Xom


Message History

You closely miss the necrophage.
The necrophage is moderately damaged.
The necrophage completely misses you.
You hit the necrophage.
The necrophage is moderately damaged.
The necrophage hits you but does no damage.
You closely miss the necrophage.
The necrophage is moderately damaged.
The necrophage hits you.
You feel drained.
You hit the necrophage but do no damage.
The necrophage is moderately damaged.
The necrophage hits you but does no damage.
You closely miss the necrophage.
The necrophage is moderately damaged.
The necrophage hits you.
You feel drained.
You closely miss the necrophage.
The necrophage is moderately damaged.
The necrophage closely misses you.
You closely miss the necrophage.
The necrophage is moderately damaged.
The necrophage completely misses you.
You barely miss the necrophage.
The necrophage is moderately damaged.
The necrophage barely misses you.
You hit the necrophage but do no damage.
You punch the necrophage.
The necrophage is moderately damaged.
The necrophage hits you.
You hit the necrophage.
The necrophage is moderately damaged.
The necrophage barely misses you.
You barely miss the necrophage.
The necrophage is moderately damaged.
The necrophage hits you.
You feel drained.
You hit the necrophage but do no damage.
The necrophage is moderately damaged.
The necrophage hits you.
* * * LOW HITPOINT WARNING * * *
You feel drained.
You die...

#.#
#...$..................#
#.#
#.####...#######.#######
#.# #.# #B~~#.........#
#.. .# #~~~######.##.#
#~~~# #.# .# #.# # ##.##
#####.(.# #.@n..#...#
#####...### ##.## .# .#
##


You could see a necrophage.

Vanquished Creatures
  A bullfrog (D:5)
  Crazy Yiuf (D:2)
  A hound (D:5)
  Ijyb (D:3)
  An iguana (D:4)
  An orc wizard (D:5)
  2 adders
  3 dart slugs
  7 orcs
  2 bats (D:1)
  3 endoplasms
  7 giant cockroaches
  12 goblins
  6 hobgoblins
  3 kobolds
  2 quokkas (D:2)
  7 ball pythons
  2 frilled lizards
  4 rats
66 creatures vanquished.

Vanquished Creatures (collateral kills)
  An adder (D:5)
  A shadow imp (D:5)
  A giant cockroach (D:1)
  A ball python (D:2)
  A goblin (D:2)
5 creatures vanquished.

Vanquished Creatures (others)
  2 orc zombies (D:5)
2 creatures vanquished.

Grand Total: 73 creatures vanquished

Notes
Turn   | Place    | Note
-------+----------+-------------------------------------------
     0 | D:1      | Jonathan7162 the Deep Elf Necromancer began the quest for
                  | the Orb.
     0 | D:1      | Reached XP level 1. HP: 10/10 MP: 6/6
   148 | D:1      | Reached skill level 5 in Necromancy
   229 | D:1      | Reached XP level 2. HP: 15/15 MP: 5/8
   925 | D:2      | Found a faded altar of an unknown god.
   985 | D:2      | Reached XP level 3. HP: 19/19 MP: 6/10
  1161 | D:2      | Found a shimmering altar of Xom.
  1297 | D:2      | Found a runed translucent door.
  1298 | D:2      | Noticed Crazy Yiuf
  1308 | D:2      | Killed Crazy Yiuf
  1309 | D:2      | Reached skill level 6 in Necromancy
  1309 | D:2      | Reached XP level 4. HP: 4/24 MP: 3/12
  1677 | D:2      | Learned a level 3 spell: Vampiric Draining
  1683 | D:2      | Learned a level 4 spell: Animate Dead
  1687 | D:2      | Learned a level 3 spell: Mephitic Cloud
  2340 | D:3      | Noticed Ijyb
  2353 | D:3      | Killed Ijyb
  2354 | D:3      | Reached skill level 5 in Spellcasting
  2575 | D:3      | You fall into a shaft and drop 2 floors!
  2575 | D:5      | Entered Level 5 of the Dungeon
  2583 | D:5      | Noticed an ogre
  2604 | D:5      | Reached XP level 5. HP: 27/28 MP: 2/14
  2671 | D:5      | Noticed a black bear
  2684 | D:5      | Reached skill level 7 in Necromancy
  2693 | D:5      | Reached XP level 6. HP: 32/32 MP: 6/16
  3047 | D:4      | Slain by a necrophage

Illustrated notes

Levels and vault maps discovered:
D:1:      wheals_arrival_shading, layout_basic
D:2:      layout_rooms, basic_altar, nicolae_ecumenical_snake_handling,
          minmay_goblin_kobold_house, uniq_crazy_yiuf_cottage
D:3:      kennysheep_the_goblin_king, layout_basic, bloody_makhleb
D:4:      layout_loops_ring, marbit_many_paths, portal_sewer_entry_f,
          chequers_serial_rivers_micro_b
D:5:      layout_rooms, nicolae_ru_awakened_eye,
          mainiacjoe_overflow_large_starburst, serial_shops,
          nicolae_shop_crystal, minmay_joined_circles

Skill      XL: |  1  2  3  4  5  6 |
---------------+-------------------+-----
Necromancy     | 5 6 7 |  7.3
Spellcasting   | 4 5 6 |  6.2
Dodging        | |  2.5
Stealth        | |  2.5
Air Magic      | |  0.4

Action                   |  1- 3 |  4- 6 || total
-------------------------+-------+-------++-------
Melee: Unarmed           |       |    84 ||    84
       Punch             |       |     1 ||     1
 Cast: Necrotise         |    50 |    80 ||   130
       Animate Dead      |       |     4 ||     4
       Mephitic Cloud    |       |     1 ||     1
 Stab: Distracted        |       |     1 ||     1
Armor: Robe              |     1 |    33 ||    34
Dodge: Dodged            |    10 |    75 ||    85
